 Dungeon Crawl Stone Soup version 0.18-a0-1197-g8004e50 (webtiles) character file.

182 st0uf the Bolt Thrower (level 5, -4/31 HPs)
             Began as a Kobold Hunter on Jan 31, 2016.
             Killed from afar by an orc wizard (10 damage)
             ... with a magic dart
             ... on level 3 of the Dungeon.
             The game lasted 00:11:47 (2934 turns).

st0uf the Bolt Thrower (Kobold Hunter)              Turns: 2934, Time: 00:11:47

Health: -4/31      AC:  3    Str: 10    XL:     5   Next: 93%
Magic:  5/5        EV: 16    Int:  9    God:
Gold:   77         SH:  0    Dex: 18    Spells: 0 memorised, 4 levels left

rFire  . . .     SeeInvis +     a - +1 hand crossbow
rCold  . . .     Gourm    .     c - +0 leather armour
rNeg   . . .     Faith    .     (shield restricted)
rPois  .         Spirit   .     (no helmet)
rElec  .         Dismiss  .     (no cloak)
rCorr  .         Reflect  .     (no gloves)
SustAt .         Harm     .     (no boots)
MR     .....                    (no amulet)
Stlth  ++........               (no ring)
                                g - ring of see invisible

@: not resistant to hostile enchantments, unstealthy
A: carnivore 3
a: no special abilities


You were on level 3 of the Dungeon.
You were very full.

You visited 1 branch of the dungeon, and saw 3 of its levels.

You collected 77 gold pieces.

Inventory:

Hand Weapons
 a - a +1 hand crossbow (weapon)
 b - a +0 short sword
Missiles
 d - 13 bolts (quivered)
Armour
 c - a +0 leather armour (worn)
Jewellery
 g - a ring of see invisible (left hand)
Scrolls
 e - a scroll of teleportation {unknown}
 h - a scroll of fog {unknown}
 i - a scroll of identify {unknown}
 k - a scroll of enchant weapon {unknown}
 l - a scroll of blinking {unknown}
Comestibles
 f - a meat ration
 m - a beef jerky


   Skills:
 + Level 2.5 Fighting
 + Level 2.3 Short Blades
 + Level 6.2 Crossbows
 + Level 1.2 Armour
 + Level 3.4 Dodging
 + Level 2.7 Stealth


You had 4 spell levels left.
You didn't know any spells.

Dungeon Overview and Level Annotations

Branches:
Dungeon (3/15)

Altars:
Ru


Innate Abilities, Weirdness & Mutations

You are small and have problems with some larger weapons.
You are carnivorous and can eat meat at any time.


Message History

The orc wizard is lightly wounded.
The orc wizard hits you with a dagger.
* * * LOW HITPOINT WARNING * * *
Wield which item (- for none, * to show all)? (? for menu, Esc to quit)
a - a +1 hand crossbow (weapon)
The orc wizard barely misses you.
Firing (i - inventory):
d - 15 bolts (quivered)
Press: ? - help, Shift-Dir - straight line, f - orc wizard
Aim: an orc wizard, wielding a dagger and wearing a robe (lightly wounded, fast)
You shoot a bolt. The bolt hits the orc wizard.
The orc wizard is heavily wounded.
The orc wizard hits you but does no damage.
The orc wizard misses you.
Firing (i - inventory):
d - 14 bolts (quivered)
Press: ? - help, Shift-Dir - straight line, f/p - orc wizard
Aim: an orc wizard, wielding a dagger and wearing a robe (heavily wounded, fast)
You shoot a bolt. The bolt barely misses the orc wizard.
The orc wizard points at you and mumbles some strange words.
The magic dart hits you!
You die...

# #.. .
#...########...
...(.>......#
(...((o@)(.(#
..........((#
#....#######(..
#.(. . #.. #.
### # #.. #.#
##.##


You could see an orc wizard.

Vanquished Creatures
  7 adders (D:2)
  5 gnolls
  An ooze (D:2)
  3 worms (D:2)
  2 giant geckos
  4 orcs
  6 bats
  4 giant cockroaches
  5 goblins
  8 hobgoblins
  2 giant newts
  4 kobolds
  6 rats
57 creatures vanquished.

Notes
Turn   | Place    | Note
--------------------------------------------------------------
     0 | D:1      | st0uf the Kobold Hunter began the quest for the Orb.
     0 | D:1      | Reached XP level 1. HP: 12/12 MP: 1/1
    72 | D:1      | Reached skill level 5 in Crossbows
    96 | D:1      | Reached XP level 2. HP: 14/17 MP: 2/2
   294 | D:1      | Reached XP level 3. HP: 18/21 MP: 3/3
  1153 | D:2      | Reached skill level 1 in Short Blades
  1153 | D:2      | Reached XP level 4. HP: 20/27 MP: 4/4
  1352 | D:2      | Reached skill level 6 in Crossbows
  2013 | D:2      | Reached XP level 5. HP: 31/31 MP: 5/5
  2183 | D:2      | Found a sacrificial altar of Ru.
  2238 | D:3      | Noticed a phantom
  2320 | D:2      | Reached skill level 1 in Armour
  2346 | D:2      | HP: 1/31 [poisoned by an adder]
  2934 | D:3      | Killed from afar by an orc wizard

Vault maps used:
D:1:      lightli_arrival_farm
D:2:      nicolae_ru_the_path_less_chosen
D:3:      vehumet_altar_wand_db, first_bread, gup_sewer_entry_spiral,
          kennysheep_generic_room_11

Action                   |  1- 3 |  4- 6 || total
-------------------------+-------+-------++-------
Melee: Short sword       |    93 |   110 ||   203
 Fire: Hand crossbow     |    12 |    32 ||    44
 Stab: Sleeping          |     6 |     4 ||    10
  Eat: Chunk             |     9 |     4 ||    13
